 Dungeon Crawl Stone Soup version 0.31.0-12-g77e489cdc1 (webtiles) character file.

Game seed: 9830308868515029911

2214 DemonSlayer the Magician (level 9, -11/55 HPs)
             Began as a Demonspawn Earth Elementalist on Feb 19, 2024.
             Was a Believer of Dithmenos.
             Mangled by an orc warlord
             ... wielding a +6 broad axe
              (36 damage)
             ... in a bailey on Mar 2, 2024.
             The game lasted 00:23:38 (7539 turns).

DemonSlayer the Magician (DsEE)                     Turns: 7539, Time: 00:23:38

Health: -11/55     AC:  4    Str:  8    XL:     9   Next: 13%
Magic:  6/19       EV: 13    Int: 17    God:    Dithmenos [**....]
Gold:   359        SH:  0    Dex: 17    Spells: 4/21 levels left

rFire   + . .        l - +2 quick blade (venom)
rCold   + . .        (no shield)
rNeg    . . .        j - +0 leather armour {rPois}
rPois   +            (helmet restricted)
rElec   .            (no cloak)
rCorr   .            m - +0 pair of gloves
SInv    .            (no boots)
Will    .....        (no amulet)
Stlth   +++          o - ring of protection from cold
HPRegen 0.29/turn    (no ring)
MPRegen 0.16/turn

%: no passive effects
@: on blink cooldown, wreathed by umbra
A: horns 1, powered by death 1, sturdy frame 1, fire resistance 1, frail 1
a: Renounce Religion, Shadow Step


You were in a bailey.
You worshipped Dithmenos.
Dithmenos was pleased with you.
You visited 2 branches of the dungeon, and saw 10 of its levels.
You also visited: Bailey.

You collected 359 gold pieces.

Inventory:

Hand Weapons
 b - a +5 dagger
 l - a +2 quick blade of venom (weapon)
 n - a +2 dagger of speed
 w - the +5 eveningstar of the Doomed God {elec, rPois MP+9 Int-2}
   (You acquired it in a bailey)

   Int-2:     It affects your intelligence (-2).
   rPois:     It protects you from poison MP+9: It affects your magic capacity
   (+9).
Missiles
 e - 9 boomerangs
Armour
 j - a +0 leather armour of poison resistance (worn)
 m - a +0 pair of gloves (worn)
Jewellery
 o - a ring of protection from cold (left hand)
Wands
 h - a wand of iceblast (3)
 k - a wand of charming (4)
Scrolls
 a - 2 scrolls of immolation
 c - 2 scrolls of enchant armour
 d - 3 scrolls of teleportation
 f - 2 scrolls of fear
 g - a scroll of vulnerability
 i - a scroll of revelation
Potions
 p - a potion of haste
 q - 3 potions of heal wounds
 r - a potion of experience {unknown}
 v - a potion of mutation


   Skills:
 + Level 2.3 Fighting
 + Level 1.2 Short Blades
 + Level 2.0 Throwing
 + Level 3.0 Dodging
 + Level 4.1 Stealth
 + Level 6.8 Spellcasting
 + Level 3.7 Conjurations
 + Level 6.4 Earth Magic
 + Level 0.1 Evocations


You had 4 spell levels left.
You knew the following spells:

 Your Spells              Type           Power      Damage    Failure   Level
a - Sandblast             Erth           54%        2d13      1%          1
b - Stone Arrow           Conj/Erth      46%        3d9       4%          3
c - Passwall              Erth           27%        N/A       2%          3
d - Blink                 Tloc           10%        N/A       19%         2
e - Brom's Barrelling Bo  Conj/Erth      23%        2d4       16%         4
f - Leda's Liquefaction   Alch/Erth      8%         N/A       32%         4

Your spell library contained the following spells:

 Spells                   Type           Power      Damage    Failure   Level
 Foxfire                  Conj/Fire      48%        2x1d6     6%          1
 Momentum Strike          Conj/Tloc      24%        3d8       9%          2
 Lesser Beckoning         Tloc           10%        N/A       19%         2
 Petrify                  Alch/Erth      16%        N/A       32%         4
 Frozen Ramparts          Ice            10%        1d2       36%         3
 Metabolic Englaciation   Hex/Ice        2%         N/A       98%         5
 Plasma Beam              Fire/Air       2%         2x1d12    100%        6
 Starburst                Conj/Fire      6%         6d4       100%        6


Dungeon Overview and Level Annotations

Branches:
Dungeon (9/15)             Temple (1/1) D:4          Bailey (1/1)
   Lair: D:8-11         Orc: D:9-12

Altars:
Ashenzari
Cheibriados
Dithmenos
Fedhas
Gozag
Kikubaaqudgha
Makhleb
Nemelex Xobeh
Okawaru
Qazlal
Ru
Sif Muna
Trog
Vehumet
Wu Jian
Xom
Yredelemnul


Innate Abilities, Weirdness & Mutations

You have a pair of small horns on your head.
You regenerate a little health from kills.
Your movements are slightly less encumbered by armour. (ER -2)
Your flesh is heat resistant. (rF+)
You are frail. (-10% HP)


Message History

The puff of flame hits the orc warlord.
Unknown command.
Something hits your gnoll!
Your gnoll dies!
Your gnoll's corpse dissolves into shadows!
Your orc wizard hits the orc warlord but does no damage.
An orc warlord is nearby!
The stone arrow hits the orc warlord.
The orc warlord is lightly wounded.
Your orc wizard hits the orc warlord but does no damage.
You blink.
The mass of ice explodes!
The iceblast engulfs the orc warlord!
The orc warlord is moderately wounded.
The iceblast engulfs your orc wizard!
Your orc wizard is almost dead.
Your orc wizard dissolves into shadows!
The mass of ice explodes!
The iceblast engulfs the orc warlord!
The orc warlord is moderately wounded.
The mass of ice explodes!
The iceblast engulfs the orc warlord!
The orc warlord is heavily wounded.
The mass of ice explodes!
The iceblast engulfs the orc warlord but does no damage.
The orc warlord is heavily wounded.
Okay, then.
The stone arrow hits the orc warlord!
The orc warlord is heavily wounded.
The orc warlord hits you with a +6 broad axe!
The stone arrow hits the orc warlord!
The orc warlord is severely wounded.
The orc warlord hits you with a +6 broad axe!
Casting: Stone Arrow (dangerous; 4% risk of failure)
Confirm with . or Enter, or press ? or * to list all spells.
Aiming: Stone Arrow (dangerous; 4% risk of failure)
Press: ? - help, Shift-Dir - straight line, f/p - orc warlord
Aim: an orc warlord, wielding a +6 broad axe and wearing a +0 plate armour (severely wounded, umbra, 83% to hit)
The stone arrow hits the orc warlord!
The orc warlord is severely wounded.
The orc warlord hits you with a +6 broad axe!!!
Ouch! That really hurt!
You die...

...............)......#
....####...####......##
..)##~~#####~~##....##♣
...#~=?8...8?[~#...##.♣
##'#~.........~#'###..♣♣
~~.#~..8...8..~#.~~~...♣
~~.##.........##.~~~...♣♣
~~.#~....∩....~#.~~~...∩♣
~))#~.........~#@~~~...♣♣
~~.#~~.8...8.~~#o~~~...♣
##'###.......###'###..♣♣
....#~.8...8§~#....##.♣
....#~~~~~~~~~#.....##♣
....####~~~####......##
8......#'§§#.§..).8...#
.........§§§§§§.......#
.........§§§.§§.......#


You could see an orc warlord.

Vanquished Creatures
  A steam dragon (D:8)
  An ice beast (D:8)
  A black bear (D:4)
  4 orc warriors
  An ogre (D:5)
  A centaur (D:6)
  2 bullfrogs (D:8)
  5 scorpions
  3 killer bees (D:9)
  A howler monkey (D:4)
  3 bombardier beetles
  A gnoll bouda (D:7)
  2 hounds (D:5)
  7 orc priests
  3 orc wizards
  A sleepcap (D:5)
  An iguana (D:5)
  4 gnolls
  8 adders
  8 dart slugs
  26 orcs
  8 ball pythons
  2 bats
  6 endoplasms
  6 giant cockroaches
  7 hobgoblins
  3 jackals (D:1)
  19 kobolds
  3 quokkas
  3 frilled lizards
  13 goblins
  4 rats
158 creatures vanquished.

Vanquished Creatures (others)
  A human (D:4)
1 creature vanquished.

Grand Total: 159 creatures vanquished

Notes
Turn   | Place    | Note
-------+----------+-------------------------------------------
     0 | D:1      | DemonSlayer the Demonspawn Earth Elementalist began the
                  | quest for the Orb.
     0 | D:1      | Reached XP level 1. HP: 13/13 MP: 3/3
   169 | D:1      | Gained mutation: Your movements are slightly less
                  | encumbered by armour. (ER -2) [demonic ancestry]
   169 | D:1      | Reached XP level 2. HP: 19/19 MP: 3/5
   674 | D:2      | Reached XP level 3. HP: 16/24 MP: 1/7
   791 | D:2      | Identified the +2 sling of Gurast {heavy, rN+ Str-3 Dex+4}
   811 | D:2      | Gained mutation: You are frail. (-10% HP) [potion of
                  | mutation]
   811 | D:2      | Gained mutation: Your flesh is heat resistant. (rF+)
                  | [potion of mutation]
   951 | D:2      | Found a faded altar of an unknown god.
  1061 | D:2      | Reached XP level 4. HP: 27/27 MP: 4/8
  1180 | D:2      | Found the +2 ratskin cloak {*Rats rPois rN+ Str-1 Int-1
                  | Dex+1}
  1714 | D:3      | Gained mutation: You regenerate a little health from kills.
                  | [demonic ancestry]
  1714 | D:3      | Reached XP level 5. HP: 6/32 MP: 2/10
  2339 | D:3      | Learned a level 3 spell: Stone Arrow
  2343 | D:3      | Learned a level 3 spell: Passwall
  2346 | D:3      | Learned a level 2 spell: Blink
  2491 | D:4      | Noticed a black bear
  2495 | D:4      | Killed a black bear
  2496 | D:4      | Reached XP level 6. HP: 37/37 MP: 4/12
  2699 | D:4      | Found a staircase to the Ecumenical Temple.
  2720 | Temple   | Entered the Ecumenical Temple
  2779 | Temple   | Became a worshipper of Dithmenos the Shadowed
  2840 | D:4      | Found an ancient bone altar of Kikubaaqudgha.
  2841 | D:4      | Noticed a human
  2844 | D:4      | Killed a human
  3086 | D:4      | Found an iron altar of Okawaru.
  3615 | D:4      | Reached * piety under Dithmenos
  3617 | D:4      | Reached XP level 7. HP: 39/42 MP: 9/14
  3620 | D:4      | Reached skill level 1 in Fighting
  3620 | D:4      | Reached skill level 5 in Spellcasting
  3903 | D:4      | Learned a level 4 spell: Brom's Barrelling Boulder
  3994 | D:5      | Entered Level 5 of the Dungeon
  4357 | D:5      | Reached skill level 5 in Earth Magic
  5119 | D:5      | Gained mutation: You have a pair of small horns on your
                  | head. [demonic ancestry]
  5119 | D:5      | Reached XP level 8. HP: 48/48 MP: 6/16
  5223 | D:5      | Learned a level 4 spell: Leda's Liquefaction
  5244 | D:6      | Reached skill level 1 in Short Blades
  5366 | D:6      | Identified the +9 long sword "Jaashrav" {freeze, rElec
                  | rCorr MP+9 Str-2}
  6570 | D:9      | Reached ** piety under Dithmenos
  6614 | D:9      | Found a blossoming altar of Fedhas.
  6665 | D:9      | Reached XP level 9. HP: 19/54 MP: 3/19
  6666 | D:9      | Found a flagged portal.
  6803 | Bailey   | Entered a bailey
  6808 | Bailey   | Noticed an orc warlord
  6829 | Bailey   | Acquired a +2 quick blade of venom
  7028 | Bailey   | Reached skill level 1 in Throwing
  7170 | Bailey   | Found a runed translucent gate.
  7173 | Bailey   | Found a runed translucent gate.
  7175 | Bailey   | Found a runed translucent gate.
  7418 | Bailey   | Acquired the +5 eveningstar of the Doomed God {elec, rPois
                  | MP+9 Int-2}
  7539 | Bailey   | Mangled by an orc warlord

Illustrated notes

Levels and vault maps discovered:
D:1:      wheals_arrival_shading, layout_basic
D:2:      layout_loops_ring, ebering_ecumenical_altar_hall
D:3:      layout_loops_ring, elyvilon_altar_4, dk_noncrumbling_4
D:4:      layout_cave_pods, tgw_kikubaaqudgha, mainiacjoe_overflow_alcove_1,
          minmay_temple_entry_crystal_x, minmay_fractal_squares_gapless_5
D:5:      layout_gridville
D:6:      layout_gridville, nicolae_tso_swordbearing_angel
D:7:      layout_rooms
D:8:      layout_cave_pods, serial_shops, shop
D:9:      layout_basic, nicolae_uskayaw_dance_hall, lemuel_crystal_altar,
          mainiacjoe_overflow_alcove_4, ebering_ghost_reflecting_pool,
          enter_bailey_8, serial_shops, shop
Temple:   regret_index_temple_waves
Bailey:   bailey_axe_bossmonster_kennysheep, bailey

Skill      XL: |  1  2  3  4  5  6  7  8  9 |
---------------+----------------------------+-----
Earth Magic    | 3 4 5 6 |  6.4
Dodging        | 2 3 |  3.0
Spellcasting   | 3 4 5 6 |  6.8
Stealth        | 2 3 4 |  4.1
Fighting       | 1 2 |  2.3
Conjurations   | 2 3 |  3.7
Short Blades   | 1 |  1.2
Throwing       | 2 |  2.0
Evocations     | |  0.1

Action                     |  1- 3 |  4- 6 |  7- 9 || total
---------------------------+-------+-------+-------++-------
  Melee: Dagger            |    29 |    27 |    42 ||    98
         Headbutt          |       |       |     9 ||     9
         Quick blade       |       |       |     4 ||     4
  Throw: Boomerang         |       |       |   121 ||   121
   Cast: Sandblast         |    44 |    73 |       ||   117
         Stone Arrow       |       |    12 |    90 ||   102
         Blink             |       |       |     1 ||     1
  Evoke: Wand              |       |     3 |     4 ||     7
    Use: Potion            |     4 |     1 |     4 ||     9
         Scroll            |       |     6 |     9 ||    15
   Stab: Sleeping          |     1 |     2 |     1 ||     4
 Armour: Robe              |    44 |    13 |       ||    57
         Leather armour    |       |    26 |    85 ||   111
  Dodge: Dodged            |    41 |    30 |   114 ||   185
